 Dungeon Crawl Stone Soup version 0.25-a0-544-gee0576305d (webtiles) character file.

Game seed: 12245764135162478507, levelgen mode: deterministic

1976438 demivan the Conqueror (level 27, 245/245 HPs)
             Began as a Minotaur Fighter on Feb 20, 2020.
             Was the Champion of Okawaru.
             Escaped with the Orb
             ... and 3 runes!
             The game lasted 03:19:32 (56528 turns).

demivan the Conqueror (Minotaur Fighter)           Turns: 56528, Time: 03:19:32

Health: 245/245    AC: 50    Str: 36    XL:     27
Magic:  43/43      EV:  8    Int:  5    God:    Okawaru [******]
Gold:   13270      SH: 36    Dex: 12    Spells: 26/26 levels left

rFire    + + .     SeeInvis .   a - +7 broad axe (vamp)
rCold    + + .     Gourm    .   c - +8 tower shield
rNeg     + + .     Faith    .   A - +9 scales of the Dragon King {rPois rF+ rC+ MR+}
rPois    +         Spirit   .   O - +2 hood of the Assassin {Detection Stab+ Stlth++}
rElec    +         Reflect  .   K - +5 cloak of Satisfaction {rF+}
rCorr    +         Harm     .   y - +0 pair of gloves "Jejuuc" {rElec rPois}
MR       ++++.                  p - +2 pair of boots "Bylepte" {rN+}
Stlth    ..........             g - amulet of regeneration
HPRegen  0.90/turn              M - ring of protection from magic
MPRegen  0.28/turn              D - ring "Odweodu" {rC+ rN+ rCorr}

@: no status effects
A: retaliatory headbutt, fangs 1, hooves 1, horns 2, frail 1, high mp 1, poison
resistance, screaming 1, strong 2, wild magic 1, MP-powered wands
0: Orb of Zot
}: 3/15 runes: decaying, silver, gossamer
a: Heroism, Finesse, Renounce Religion


You escaped.
You worshipped Okawaru.
Okawaru was exalted by your worship.
You were very full.

You visited 10 branches of the dungeon, and saw 50 of its levels.
You visited the Abyss 3 times.
You also visited: Sewer, Ossuary, Gauntlet and Desolation.

You collected 13270 gold pieces.


Innate Abilities, Weirdness & Mutations

You reflexively headbutt those who attack you in melee.
You have a pair of horns on your head.
You have very sharp teeth.
You have large cloven feet.
You are frail. (-10% HP)
You have an increased reservoir of magic. (+10% MP)
Your system is resistant to poisons. (rPois)
You occasionally shout uncontrollably at your foes.
Your muscles are very strong. (Str +4)
Your spells are a little harder to cast, but a little more powerful.
You expend magic power (3 MP) to strengthen your wands.


   Skills:
 O Level 27 Fighting
 - Level 18.0 Axes
 - Level 26.0 Armour
 - Level 25.0 Shields
 - Level 10.0 Invocations
 * Level 26.7 Evocations


You had 26 spell levels left.
You didn't know any spells.
Your spell library contained the following spells:

 Spells                   Type           Power        Failure   Level  Hunger
 Animate Skeleton         Necr           N/A          96%         1    ##.....
 Apportation              Tloc           #.....       96%         1    ##.....
 Beastly Appendage        Tmut           #.....       96%         1    ##.....
 Corona                   Hex            #......      96%         1    ##.....
 Foxfire                  Conj/Fire      #...         96%         1    ##.....
 Freeze                   Ice            #...         96%         1    ##.....
 Infusion                 Chrm           #...         96%         1    ##.....
 Magic Dart               Conj           #...         96%         1    ##.....
 Pain                     Necr           #...         96%         1    ##.....
 Sandblast                Erth           #.....       96%         1    ##.....
 Shock                    Conj/Air       #...         96%         1    ##.....
 Sting                    Tmut/Pois      #...         96%         1    ##.....
 Summon Butterflies       Summ           #.......     96%         1    ##.....
 Summon Small Mammal      Summ           #...         96%         1    ##.....
 Blink                    Tloc           N/A          99%         2    ###....
 Call Imp                 Summ           #.......     99%         2    ###....
 Ensorcelled Hibernation  Hex/Ice        #.....       99%         2    ###....
 Passwall                 Tmut/Erth      #.......     99%         2    ###....
 Poisonous Vapours        Pois/Air       #.....       99%         2    ###....
 Searing Ray              Conj           #.....       99%         2    ###....
 Shroud of Golubria       Chrm/Tloc      #.....       99%         2    ###....
 Slow                     Hex            #.......     99%         2    ###....
 Song of Slaying          Chrm           #.......     99%         2    ###....
 Sticks to Snakes         Tmut           #.......     99%         2    ###....
 Sublimation of Blood     Necr           #.........   99%         2    ###....
 Swiftness                Chrm/Air       #.......     99%         2    ###....
 Call Canine Familiar     Summ           #.......     100%        3    ####...
 Confusing Touch          Hex            #.......     100%        3    ####...
 Conjure Flame            Conj/Fire      #.......     100%        3    ####...
 Dazzling Flash           Conj/Hex       #.....       100%        3    ####...
 Frozen Ramparts          Ice            #.....       100%        3    ####...
 Gell's Gravitas          Tloc           #.........   100%        3    ####...
 Ignite Poison            Fire/Tmut/Pois #.......     100%        3    ####...
 Inner Flame              Hex/Fire       #.......     100%        3    ####...
 Mephitic Cloud           Conj/Pois/Air  #.......     100%        3    ####...
 Ozocubu's Armour         Chrm/Ice       #.......     100%        3    ####...
 Portal Projectile        Hex/Tloc       #.....       100%        3    ####...
 Recall                   Summ/Tloc      N/A          100%        3    ####...
 Spectral Weapon          Hex/Chrm       #.......     100%        3    ####...
 Spider Form              Tmut/Pois      #.........   100%        3    ####...
 Static Discharge         Conj/Air       #.......     100%        3    ####...
 Summon Guardian Golem    Hex/Summ       #.......     100%        3    ####...
 Tukima's Dance           Hex            #.......     100%        3    ####...
 Vampiric Draining        Necr           #.........   100%        3    ####...
 Airstrike                Air            #.........   100%        4    #####..
 Animate Dead             Necr           N/A          100%        4    #####..
 Cause Fear               Hex            #.........   100%        4    #####..
 Dispel Undead            Necr           #.......     100%        4    #####..
 Fulminant Prism          Conj/Hex       #.........   100%        4    #####..
 Hailstorm                Conj/Ice       #.......     100%        4    #####..
 Ice Form                 Ice/Tmut       #.......     100%        4    #####..
 Iskenderun's Mystic Bla  Conj/Tloc      #.......     100%        4    #####..
 Leda's Liquefaction      Hex/Erth       #.........   100%        4    #####..
 Olgreb's Toxic Radiance  Pois           #.......     100%        4    #####..
 Petrify                  Tmut/Erth      #.......     100%        4    #####..
 Sticky Flame             Conj/Fire      #.......     100%        4    #####..
 Summon Ice Beast         Ice/Summ       #.......     100%        4    #####..
 Summon Lightning Spire   Summ/Air       #.......     100%        4    #####..
 Agony                    Necr           #.......     100%        5    ######.
 Alistair's Intoxication  Tmut/Pois      #.......     100%        5    ######.
 Aura of Abjuration       Summ           #.........   100%        5    ######.
 Blade Hands              Tmut           #.........   100%        5    ######.
 Bolt of Magma            Conj/Fire/Erth #.........   100%        5    ######.
 Borgnjor's Vile Clutch   Necr/Erth      #.........   100%        5    ######.
 Fireball                 Conj/Fire      #.........   100%        5    ######.
 Irradiate                Conj/Tmut      #.........   100%        5    ######.
 Iskenderun's Battlesphe  Conj/Chrm      #.......     100%        5    ######.
 Lee's Rapid Deconstruct  Erth           #.........   100%        5    ######.
 Lightning Bolt           Conj/Air       #.........   100%        5    ######.
 Metabolic Englaciation   Hex/Ice        #.........   100%        5    ######.
 Silence                  Hex/Air        #.........   100%        5    ######.
 Summon Demon             Summ           #.........   100%        5    ######.
 Summon Forest            Summ/Tloc      #.........   100%        5    ######.
 Summon Mana Viper        Hex/Summ       #.......     100%        5    ######.
 Yara's Violent Unravell  Hex/Tmut       #.........   100%        5    ######.
 Darkness                 Hex            #.........   100%        6    #######
 Death Channel            Necr           #.........   100%        6    #######
 Deflect Missiles         Chrm/Air       #.........   100%        6    #######
 Eringya's Noxious Bog    Tmut/Pois      #.........   100%        6    #######
 Freezing Cloud           Conj/Ice/Air   #.........   100%        6    #######
 Hydra Form               Tmut           #.........   100%        6    #######
 Invisibility             Hex            #.......     100%        6    #######
 Iron Shot                Conj/Erth      #.........   100%        6    #######
 Simulacrum               Ice/Necr       #.........   100%        6    #######
 Starburst                Conj/Fire      #.........   100%        6    #######
 Statue Form              Tmut/Erth      #........    100%        6    #######
 Dragon Form              Tmut           #.........   100%        7    #######
 Malign Gateway           Summ/Tloc      #.........   100%        7    #######
 Orb of Destruction       Conj           #.........   100%        7    #######
 Ring of Flames           Chrm/Fire      #.........   100%        7    #######
 Spellforged Servitor     Conj/Summ      #.........   100%        7    #######
 Summon Hydra             Summ           #.........   100%        7    #######
 Chain Lightning          Conj/Air       #.........   100%        8    #######
 Controlled Blink         Tloc           N/A          100%        8    #######
 Discord                  Hex            #.........   100%        8    #######
 Ignition                 Fire           #.........   100%        8    #######
 Lehudib's Crystal Spear  Conj/Erth      #.........   100%        8    #######
 Dragon's Call            Summ           #.........   100%        9    #######
 Fire Storm               Conj/Fire      #.........   100%        9    #######
 Glaciate                 Conj/Ice       #.........   100%        9    #######
 Passage of Golubria      Tloc           Unusable     N/A         4    N/A

Inventory:

Hand Weapons
 a - a +7 vampiric broad axe (weapon)
Missiles
 n - 6 throwing nets (quivered) {=f}
Armour
 c - a +8 tower shield (worn)
 p - the +2 pair of boots "Bylepte" (worn) {rN+}
   (Okawaru gifted it to you on level 3 of the Spider Nest)

   It protects you from negative energy.
   If you remove this armour, your AC will decrease by 4 (50 -> 46).
 y - the +0 pair of gloves "Jejuuc" (worn) {rElec rPois}
   (Okawaru gifted it to you on level 1 of the Elven Halls)

   It insulates you from electricity.
   It protects you from poison.
   If you remove this armour, your AC will decrease by 2 (50 -> 48).
 A - the +9 scales of the Dragon King (worn) {rPois rF+ rC+ MR+}
   (You found it in the Desolation of Salt)

   It protects you from fire.
   It protects you from cold.
   It protects you from poison.
   It affects your resistance to hostile enchantments.
   If you remove this armour, your AC will decrease by 35 (50 -> 15).
 K - the +5 cloak of Satisfaction (worn) {rF+}
   (You acquired it on level 5 of the Vaults)

   It protects you from fire.
   If you remove this armour, your AC will decrease by 7 (50 -> 43).
 O - the +2 hood of the Assassin (worn) {Detection Stab+ Stlth++}
   (You found it on level 3 of the Vaults)

   It makes you much more stealthy.
   If you remove this armour, your AC will decrease by 2 (50 -> 48).
Jewellery
 g - an amulet of regeneration (around neck)
 m - an uncursed ring of protection from magic
 D - the ring "Odweodu" (right hand) {rC+ rN+ rCorr}
   (You found it on level 4 of the Realm of Zot)

   [ring of resist corrosion]

   It protects you from cold.
   It protects you from negative energy.
   It provides partial protection from all sources of acid and corrosion.
 M - a ring of protection from magic (left hand)
Wands
 b - a wand of clouds (5)
 G - a wand of acid (32)
 I - a wand of digging (19)
 N - a wand of scattershot (9)
 V - a wand of iceblast (60)
 X - a wand of disintegration (55)
Scrolls
 e - 7 scrolls of teleportation {@r4}
 h - 4 scrolls of holy word
 k - 3 scrolls of silence {!r}
 l - 3 scrolls of summoning
 v - 12 scrolls of identify {@r1}
 x - 24 scrolls of remove curse {@r2}
 B - 8 scrolls of blinking
 H - 6 scrolls of fear
 P - 9 scrolls of magic mapping
 R - 6 scrolls of immolation {!r}
 T - 5 scrolls of fog
Potions
 d - 5 potions of berserk rage {!q}
 i - 11 potions of lignification {!q}
 j - 15 potions of curing {@q1}
 o - 10 potions of ambrosia
 q - 14 potions of flight
 r - a potion of haste {@q3}
 s - 6 potions of magic
 u - 4 potions of invisibility
 w - 4 potions of resistance
 z - 4 potions of cancellation
 Q - 2 potions of heal wounds {@q2}
 S - a potion of mutation {!q}
 U - 6 potions of might
Miscellaneous
 t - 3 phantom mirrors
 C - a lamp of fire
 E - a lightning rod (4/4)
 L - a phial of floods
 W - a fan of gales
 Y - 4 sacks of spiders
 Z - 2 boxes of beasts
Comestibles
 f - 79 rations {@e1}

Dungeon Overview and Level Annotations

Branches:
Dungeon (15/15)            Temple (1/1) D:6            Lair (6/6) D:8
  Swamp (4/4) Lair:2       Spider (4/4) Lair:2        Slime (0/5) Lair:6
    Orc (2/2) D:12            Elf (3/3) Orc:2        Vaults (5/5) D:14
  Crypt (0/3) Vaults:2     Depths (5/5) D:15            Zot (5/5) Depths:5
  Sewer (visited)         Ossuary (visited)         Desolation (visited)
Gauntlet (visited)

Altars:
Ashenzari
Cheibriados
Dithmenos
Elyvilon
Fedhas
Gozag
Hepliaklqana
Kikubaaqudgha
Makhleb
Nemelex Xobeh
Okawaru
Qazlal
Ru
Sif Muna
Trog
Uskayaw
Vehumet
Wu Jian
Xom
Yredelemnul
Zin
The Shining One
Jiyva

Shops:
D:5 *   Orc:2 (!:?   Elf:1 %

Portals:
Hell: Depths:1 Depths:2 Depths:3 Depths:4 Depths:5
Abyss: Depths:1 Depths:4
Pandemonium: Orc:2 Depths:3
Ziggurat: Depths:2
Trove: Elf:2 (give 18 potions of curing)

Annotations:
Lair:3 exclusion: oklob plant
Lair:5 exclusion: oklob plant
Lair:6 1 runed translucent door
Spider:2 exclusion: Roxanne, Roxanne
Depths:4 1 runed translucent door

......#..# ###
#.......###..### ...#..#..#
##.# #.......# #....#
..##..#..####..###.......#
#.##.#
.........................#
#..#..
..###.####################
##..## .## #.#
#.#.#.#.#.#.#.# ##.#. .#
##.# #'#'#'#'#'#'#'# #.#. .#
#..####.#.#.#.#.#.#.####
#...
.###.##.'.......@.......'.#
#..#
..##.#####.#.#.#.#.#.#.####
#... .[....# #÷#'#'#'#'#'#÷#
#.## ##....# #.#.#.#.#.#.#.#
###.##
#....##########.#######
###...##
##.#....)....###.##..##
#...####
........#.##..##.##...#
##.### #
........#.###.........###..#
#
............[.............##
#


There were no monsters in sight!


Message History

You slash the Orb Guardian!
You kill the Orb Guardian!
Okawaru accepts your kill.
No target in view!
No target in view!
No target in view!
No target in view!
No target in view!
No target in view!
No target in view!
No target in view!
No target in view!
No target in view!
(D) Dungeon (T) Temple (L) Lair (S) Swamp (N) Spider Nest (M) Slime Pits (O) Orcish Mines (E) Elven Halls (V) Vaults (C) Crypt (U) Depths (H) Hell (Z) Zot
Where to? (Enter - D:1 @ (x,y), ? - help)
There is a stone staircase leading up here.
You climb upwards.
There is a stone staircase leading down here.
There is an open door here.
There is a stone staircase leading up here.
You climb upwards.
There is a stone staircase leading down here.
You see here a ring mail.
You see here a +0 scale mail.
There is an open door here.
There is a staircase leading out of the dungeon here.
You have escaped!

Skill      XL: |  1  2  3  4  5  6  7  8  9 10 11 12 13 14 15 16 17 18 19 20 21 22 23 24 25 26 27 |
---------------+----------------------------------------------------------------------------------+-----
Axes           | 3 4 5 6 7 10 11 13 14 16 17 18 | 18.0
Fighting       | 4 5 6 7 9 10 11 12 13 15 19 21 23 24 25 26 27 | 27.0
Shields        | 4 5 6 7 9 10 11 12 13 15 18 20 22 25 | 25.0
Armour         | 4 5 7 10 13 17 20 21 23 25 26 | 26.0
Invocations    | 1 4 5 7 9 10 | 10.0
Evocations     | 6 10 12 15 19 26 | 26.7

Action                   |  1- 3 |  4- 6 |  7- 9 | 10-12 | 13-15 | 16-18 | 19-21 | 22-24 | 25-27 || total
-------------------------+-------+-------+-------+-------+-------+-------+-------+-------+-------++-------
Melee: War axe           |   104 |   173 |   378 |   244 |       |       |       |       |       ||   899
       Headbutt          |     9 |    34 |    72 |   114 |   258 |   464 |   490 |   631 |   911 ||  2983
       Broad axe         |       |       |       |   366 |  1082 |  1630 |  1614 |  1849 |  2865 ||  9406
       Bite              |       |       |       |       |       |       |       |       |   148 ||   148
Invok: Heroism           |       |       |       |     9 |    20 |    19 |    16 |    13 |    22 ||    99
       Finesse           |       |       |       |       |     5 |     5 |     1 |     4 |    10 ||    25
Evoke: Wand              |       |       |       |       |     1 |       |     3 |     3 |     3 ||    10
  Use: Potion            |       |     2 |     1 |       |       |     1 |       |     1 |    10 ||    15
       Scroll            |       |     3 |     8 |    16 |    12 |    10 |    16 |    13 |    19 ||    97
 Stab: Petrified         |       |       |       |       |     5 |       |       |       |       ||     5
       Petrifying        |       |       |       |       |     1 |       |       |       |       ||     1
       Confused          |       |       |       |       |       |     4 |       |       |     1 ||     5
       Distracted        |       |       |       |       |       |       |     1 |       |     1 ||     2
       Invisible         |       |       |       |       |       |       |       |       |     2 ||     2
  Eat: Chunk             |     1 |     2 |     4 |    16 |    19 |    12 |    21 |    19 |    21 ||   115
       Ration            |       |     1 |     2 |     1 |     4 |     8 |     1 |     2 |     7 ||    26
Armor: Scale mail        |    31 |       |       |       |       |       |       |       |       ||    31
       Chain mail        |    31 |    93 |   172 |    12 |       |       |       |       |       ||   308
       Plate armour      |       |       |       |   270 |   564 |   895 |    82 |       |       ||  1811
       Gold dragon scale |       |       |       |       |       |       |   348 |   496 |   937 ||  1781
Dodge: Dodged            |    33 |    32 |    73 |   110 |   218 |   356 |   112 |   158 |   287 ||  1379
       Deflected         |       |       |       |       |       |     8 |    17 |    26 |     7 ||    58
Block: Kite shield       |    78 |    79 |   153 |   361 |   700 |   801 |       |       |       ||  2172
       Tower shield      |       |       |       |       |       |   439 |  1393 |  1922 |  3012 ||  6766

Levels and vault maps discovered:
D:1:      onia_arrival_larder, layout_rooms
D:2:      layout_basic, uniq_robin, uniq_crazy_yiuf_cottage, uniq_jessica,
          uniq_natasha
D:3:      layout_basic, yredelemnul_altar_generic, lemuel_crystal_altar,
          led_sif_pool
D:4:      layout_rooms, gup_sewer_entry_glass
D:5:      kennysheep_windowed_halls, layout_rooms, serial_shops,
          kennysheep_mini, first_ration, nicolae_ossuary_entry_monument
D:6:      layout_loops_ring, lemuel_round_altar,
          minmay_temple_entry_sparse_star,
          nicolae_dithmenos_through_a_glass_darkly, uniq_grinder
D:7:      layout_basic, nicolae_qazlal_eye_of_the_storm,
          nicolae_ashenzari_panopticon, lemuel_statue_altar, uniq_harold
D:8:      layout_gridville, due_lair_maze_entry_diamond, basic_altar,
          uniq_gastronok
D:9:      layout_rooms, fedhas_altar_1, blue_anna_alchemist
          [blue_anna_fruit_fields, blue_anna_fruit_fields], uniq_erolcha
D:10:     layout_irregular_city, grunt_decor_cap
D:11:     layout_roguey, uniq_urug
D:12:     layout_cave_pools, david_orc_4, uniq_maurice
D:13:     layout_basic, uniq_josephine
D:14:     layout_stronghold, ximxim_vaults_locker_room, hangedman_ru_absence,
          uniq_frances, uniq_snorg
D:15:     grunt_enter_depths_magical_seal, layout_loops_ring, bh_walls_and_bars,
          uniq_jorgrun
Temple:   nicolae_temple_elliptical
Lair:1:   layout_gridlike, lemuel_fruit_tree
Lair:2:   layout_roguey, nicolae_swamp_entry_splash_gauntlet,
          nicolae_spider_entry_non_spiders
Lair:3:   layout_hall_layers, minmay_lindwurm_lava
Lair:4:   layout_long_grid, grunt_megastairs_3
Lair:5:   layout_loops_ring, minmay_lair_oklob_chamber, lemuel_fruit_fields,
          grunt_megastairs_1
Lair:6:   grunt_lair_end_beastmaster, layout_small_grid, slime_altar_2,
          st_stairs_6, lookout_lair_type, grunt_megastairs_2
Swamp:1:  layout_basic_swamp, evilmike_swamp_ruin_house_5, swamp_pool1
Swamp:2:  layout_basic_swamp, nicolae_swamp_very_dense_foliage, swamp_pool1,
          infiniplex_staircase_pool_2
Swamp:3:  layout_falls_marsh, evilmike_swamp_ruin_house_1, swamp_pool1,
          hangedman_swamp_dais
Swamp:4:  swamp_alternative, layout_basic_swamp
Spider:1: layout_spider_delve
Spider:2: layout_spider_delve, drop_trap, nicolae_spider_cling_ruins,
          nicolae_spider_cling_halls, uniq_arachne, uniq_roxanne
Spider:3: layout_spider_delve, uniq_bai_suzhen
Spider:4: guppyfry_spider_rune, hangedman_spider_tarantella_strand
Orc:1:    nicolae_orc_accident_3, layout_caves
Orc:2:    pf_orc_diabolical, layout_caves, gauntlet_entry_generic,
          roderic_batcave
Elf:1:    minmay_elf_arrival_summoners, layout_loops_cross, serial_shops,
          nicolae_shop_window_shopping, minmay_elf_demonology,
          nicolae_elf_glass_and_crystal_pillar_1, uniq_kirke, uniq_nikola
Elf:2:    layout_onion_city, enter_trove_1, minmay_crystal_room
Elf:3:    elf_hall, layout_gridlike, uniq_donald, uniq_asterion
Vaults:1: v_misc_13, hangedman_vaults_locks, nicolae_vaults_theta,
          ontoclasm_vaults_decontamination, vaults_room_boxed,
          vaults_mumra_hexcomb, hangedman_vaults_corner_blocks,
          ontoclasm_vaults_ligature, ontoclasm_vaults_pinch,
          nicolae_vaults_alarming, vaults_dpeg_cross, ontoclasm_vaults_chip,
          vaults_room_door_ring, layout_vaults_big_room
Vaults:2: hangedman_vaults_snaps, nicolae_vaults_stairing_the_circle,
          vaults_mumra_chevron, v_alt_pattern_1, vaults_room_fancy_cross,
          ontoclasm_vaults_loading_screen, v_misc_10, v_pattern_5,
          nicolae_vaults_big_angled_halls, ontoclasm_vaults_chip,
          layout_vaults_omnigrid, minmay_crypt_entry_simple_box,
          portal_desolation_entry_nicolae_nacl, uniq_frederick, uniq_mara,
          uniq_aizul
Vaults:3: v_misc_33, vaults_standard_mumra_enter_the_diamond,
          hangedman_vaults_slither, grunt_tower_of_power, vaults_room_octagon,
          dpeg_vaults_monster_box, v_misc_8, nicolae_vaults_specimen_jars,
          v_misc_3, v_misc_13, vaults_room_corners, layout_vaults_big_cross
Vaults:4: nicolae_vaults_ninety_degrees, nicolae_vaults_little_squares_2,
          grunt_vaults_swirl, nicolae_vaults_network_star,
          nicolae_vaults_asterisk, v_misc_9, v_alt_pattern_3,
          vaults_room_stairs_pillars, nicolae_vaults_meeting,
          nicolae_vaults_little_squares_2, nicolae_vaults_diagonal_hallway_6,
          layout_vaults_omnibox
Vaults:5: serial_shops, uniq_mennas
Depths:1: layout_roguey, minmay_door_square, hell_entry, minmay_room_of_horrors,
          serial_bayou_pond_d, minivault_14, statue_in_the_mist_lemuel,
          minmay_serpent_palace, grunt_megastairs_4
Depths:2: kennysheep_snake, layout_basic, enter_ziggurat_a, serial_curves,
          eino_curves_02, eino_curves_03, eino_curves_03,
          minmay_misc_feat_four_crosses, lightli_too_deep,
          kennysheep_island_fort
Depths:3: minmay_four_inscribed_fans, layout_basic, rand_demon_pan_entry_8,
          pf_coc_iceberg, uniq_enchantress
Depths:4: minmay_the_grid_four_pointed_star_mashed
          [minmay_the_grid_triangle_9x9_limited_checkers,
          minmay_the_grid_triangle_9x9_skeleton,
          minmay_the_grid_triangle_9x9_subtriangle,
          minmay_the_grid_triangle_9x9_odd_lines,
          minmay_the_grid_prize_four_corners_diamond_b], layout_basic,
          minmay_misc_feat_tiny, hell_entry, special_room [special_room_morgue],
          nicolae_abyss_entry_one_way_or_another, minmay_multi_spiral
Depths:5: hangedman_slaughterboxes, serial_shops, hell_entry
Zot:1:    layout_basic, gammafunk_ghost_tricky_traps, zot_minivault_4
Zot:2:    kennysheep_spiral_hall, layout_twisted_circle
Zot:3:    layout_misc_corridors, guppyfry_library_mini
Zot:4:    layout_gridlike
Zot:5:    layout_basic

Notes
Turn   | Place    | Note
-------+----------+-------------------------------------------
     0 | D:1      | demivan the Minotaur Fighter began the quest for the Orb.
     0 | D:1      | Reached XP level 1. HP: 19/19 MP: 0/0
   104 | D:1      | Reached skill level 3 in Axes
   104 | D:1      | Reached XP level 2. HP: 11/27 MP: 1/1
   496 | D:1      | Reached skill level 4 in Fighting
   496 | D:1      | Reached XP level 3. HP: 30/33 MP: 2/2
   739 | D:1      | Reached skill level 4 in Shields
   747 | D:1      | Reached skill level 4 in Armour
   805 | D:2      | Noticed Robin
   818 | D:2      | Noticed a phantom
  1168 | D:2      | Reached XP level 4. HP: 40/40 MP: 3/3
  1178 | D:2      | Killed Robin
  1178 | D:2      | Reached skill level 4 in Axes
  1234 | D:2      | Noticed Natasha
  1242 | D:2      | Killed Natasha
  1265 | D:2      | Noticed Natasha
  1276 | D:2      | Killed Natasha
  1276 | D:2      | Reached XP level 5. HP: 41/47 MP: 4/4
  1282 | D:2      | Noticed Natasha
  1288 | D:2      | Killed Natasha
  1391 | D:2      | Noticed Jessica
  1411 | D:2      | Killed Jessica
  1417 | D:2      | HP: 4/47 [poisoned by an adder]
  1430 | D:2      | Killed a phantom
  1430 | D:2      | Reached skill level 5 in Axes
  1430 | D:2      | Reached XP level 6. HP: 9/55 MP: 5/5
  1890 | D:2      | Found a runed translucent door.
  1891 | D:2      | Noticed Crazy Yiuf
  1899 | D:2      | Killed Crazy Yiuf
  1899 | D:2      | Reached skill level 5 in Armour
  1899 | D:2      | Reached skill level 5 in Shields
  2040 | D:3      | Reached skill level 5 in Fighting
  2043 | D:3      | Identified a potion of resistance
  2129 | D:3      | Found a shimmering altar of Xom.
  2184 | D:3      | Found a basalt altar of Yredelemnul.
  2296 | D:3      | Found a shimmering blue altar of Sif Muna.
  2503 | D:4      | Reached skill level 6 in Axes
  2508 | D:4      | Found a glowing drain.
  2573 | Sewer    | Entered a sewer
  2661 | Sewer    | Reached XP level 7. HP: 57/61 MP: 6/6
  3193 | D:4      | Reached skill level 7 in Axes
  3195 | D:4      | Reached skill level 6 in Shields
  3201 | D:4      | Reached skill level 6 in Fighting
  3393 | D:5      | Entered Level 5 of the Dungeon
  3457 | D:5      | Reached XP level 8. HP: 67/71 MP: 7/7
  3460 | D:5      | Reached skill level 8 in Axes
  3487 | D:5      | Reached skill level 7 in Fighting
  3487 | D:5      | Reached skill level 9 in Axes
  3487 | D:5      | Reached skill level 7 in Shields
  3690 | D:5      | Found a sand-covered staircase.
  3705 | Ossuary  | Entered an ossuary
  3948 | Ossuary  | Noticed Menkaure
  3959 | Ossuary  | Killed Menkaure
  4186 | D:5      | Found Irosaeng's Assorted Antiques.
  4553 | D:6      | Found a staircase to the Ecumenical Temple.
  4560 | D:6      | Noticed a hippogriff
  4563 | D:6      | Reached skill level 10 in Axes
  4563 | D:6      | Reached XP level 9. HP: 77/80 MP: 8/8
  4576 | Temple   | Entered the Ecumenical Temple
  4593 | Temple   | Became a worshipper of Warmaster Okawaru
  4812 | D:6      | Reached skill level 8 in Shields
  4816 | D:6      | Reached skill level 8 in Fighting
  4853 | D:6      | Reached * piety under Okawaru
  5055 | D:6      | Reached skill level 11 in Axes
  5066 | D:6      | Found a hide-covered altar of Uskayaw.
  5208 | D:6      | Noticed Grinder
  5216 | D:6      | Killed Grinder
  5240 | D:6      | Found a shadowy altar of Dithmenos.
  5365 | D:7      | Reached ** piety under Okawaru
  5370 | D:7      | Found a shattered altar of Ashenzari.
  5504 | D:7      | Reached skill level 9 in Shields
  5504 | D:7      | Reached skill level 1 in Invocations
  5580 | D:7      | Reached skill level 9 in Fighting
  5637 | D:7      | Got a brightly glowing mace
  5666 | D:7      | Reached XP level 10. HP: 91/91 MP: 8/10
  5669 | D:7      | Identified the +2 mace of Fedhas's Pride {vamp, rN+} (You
                  | found it on level 7 of the Dungeon)
  5780 | D:7      | Noticed Harold
  5790 | D:7      | Killed Harold
  5790 | D:7      | Reached *** piety under Okawaru
  5790 | D:7      | Reached skill level 12 in Axes
  5790 | D:7      | Reached skill level 2 in Invocations
  5835 | D:7      | Reached skill level 6 in Armour
  5904 | D:7      | Found a shimmering altar of Xom.
  5955 | D:7      | Found a stormy altar of Qazlal.
  6440 | D:8      | Reached skill level 3 in Invocations
  6506 | D:8      | Found a staircase to the Lair.
  6524 | D:8      | Found a shadowy altar of Dithmenos.
  6540 | D:8      | Reached **** piety under Okawaru
  6882 | D:8      | Noticed Gastronok
  6903 | D:8      | Killed Gastronok
  6903 | D:8      | Reached skill level 10 in Fighting
  6903 | D:8      | Reached skill level 13 in Axes
  6903 | D:8      | Reached skill level 7 in Armour
  6903 | D:8      | Reached skill level 10 in Shields
  6903 | D:8      | Reached skill level 4 in Invocations
  6903 | D:8      | Reached XP level 11. HP: 61/100 MP: 11/13
  7093 | D:9      | Found a blossoming altar of Fedhas.
  7239 | D:9      | Noticed Erolcha
  7249 | D:9      | Killed Erolcha
  7249 | D:9      | Reached ***** piety under Okawaru
  7477 | D:10     | Entered Level 10 of the Dungeon
  7838 | D:10     | Received a gift from Okawaru
  7862 | D:10     | Got a bloodstained war axe
  7863 | D:10     | Identified the +1 war axe "Spiderslayer" {flame, -Tele rC+
                  | MR+} (You found it on level 10 of the Dungeon)
  8223 | D:11     | Noticed Urug
  8234 | D:11     | Killed Urug
  8234 | D:11     | Reached skill level 5 in Invocations
  8342 | D:11     | Noticed a death knight
  8346 | D:11     | You are cast into the Abyss!
  8346 | D:11     | Cast into level 2 of the Abyss (death knight)
  8361 | D:11     | You pass through the gate.
  8361 | D:11     | Escaped the Abyss
  8483 | Lair:1   | Entered Level 1 of the Lair of Beasts
  8487 | Lair:1   | Noticed a six-headed hydra
  8501 | Lair:1   | Killed a one-headed hydra
  8501 | Lair:1   | Reached skill level 14 in Axes
  8866 | Lair:1   | Reached skill level 11 in Fighting
  8867 | Lair:1   | Reached skill level 11 in Shields
  9255 | Lair:2   | Reached XP level 12. HP: 110/110 MP: 15/15
  9329 | Lair:2   | Reached skill level 6 in Invocations
  9436 | Lair:2   | Found a hole to the Spider Nest.
  9497 | Lair:2   | Reached skill level 15 in Axes
  9583 | Lair:2   | Received a gift from Okawaru
  9584 | Lair:2   | Found a staircase to the Swamp.
  9591 | Lair:2   | Got a warped hat {god gift}
  9602 | Lair:2   | Identified the +0 hat "Mydaeh" {Dex+2 SInv} (Okawaru gifted
                  | it to you on level 2 of the Lair of Beasts)
 10077 | Lair:3   | Noticed a six-headed hydra
 10088 | Lair:3   | Killed a two-headed hydra
 10395 | Lair:3   | Reached skill level 7 in Invocations
 10669 | Lair:3   | Got a steaming ring mail
 10680 | Lair:3   | Identified the +1 ring mail of Birdsong {rElec} (You found
                  | it on level 3 of the Lair of Beasts)
 10778 | Lair:4   | Noticed a four-headed hydra
 10786 | Lair:4   | Killed a one-headed hydra
 10786 | Lair:4   | Reached skill level 12 in Fighting
 10786 | Lair:4   | Reached skill level 12 in Shields
 11046 | Lair:4   | Reached skill level 16 in Axes
 11376 | Lair:4   | Noticed a seven-headed hydra
 11386 | Lair:4   | Killed a three-headed hydra
 11681 | Lair:5   | You fall into a shaft and drop 1 floor!
 11681 | Lair:6   | Entered Level 6 of the Lair of Beasts
 11684 | Lair:6   | Received a gift from Okawaru
 11692 | Lair:6   | Reached XP level 13. HP: 109/119 MP: 15/17
 11889 | Lair:6   | Reached skill level 8 in Invocations
 12085 | Lair:6   | Received a gift from Okawaru
 12304 | Lair:6   | Found a runed translucent door.
 12305 | Lair:6   | Found a viscous altar of Jiyva.
 12305 | Lair:6   | Found a staircase to the Slime Pits.
 12523 | Lair:6   | Reached skill level 17 in Axes
 12591 | Lair:6   | Reached skill level 13 in Fighting
 12591 | Lair:6   | Reached skill level 13 in Shields
 12746 | Lair:6   | Reached ****** piety under Okawaru
 12801 | Lair:6   | Noticed a dire elephant
 12820 | Lair:6   | Killed a dire elephant
 13053 | Lair:6   | Got a crystal hand axe {god gift}
 13104 | Lair:5   | Identified the +4 hand axe of Inkaet {vorpal, Int+4 Stlth+}
                  | (Okawaru gifted it to you on level 6 of the Lair of Beasts)
 13135 | Lair:5   | Identified a scroll of acquirement
 13151 | Lair:5   | Identified the ring "Obiti" {Ice -Tele *Drain Int+9} (You
                  | acquired it on level 5 of the Lair of Beasts)
 13260 | Lair:5   | Reached skill level 9 in Invocations
 13315 | Lair:5   | Received a gift from Okawaru
 13403 | Lair:5   | Got a crude battleaxe {god gift}
 13409 | Lair:5   | Identified the +4 battleaxe "Jelit" {pain, Dex+2} (Okawaru
                  | gifted it to you on level 5 of the Lair of Beasts)
 14534 | D:12     | Reached XP level 14. HP: 127/129 MP: 16/19
 14535 | D:12     | Noticed Maurice
 14566 | D:12     | Killed Maurice
 14809 | D:12     | Found a staircase to the Orcish Mines.
 14976 | Orc:1    | Entered Level 1 of the Orcish Mines
 15216 | Orc:1    | Noticed an orc warlord
 15244 | Orc:1    | Killed an orc warlord
 15244 | Orc:1    | Received a gift from Okawaru
 15244 | Orc:1    | Reached skill level 18 in Axes
 15635 | Orc:2    | Entered Level 2 of the Orcish Mines
 15658 | Orc:2    | Found Kuejauge's Magic Scroll Emporium.
 15660 | Orc:2    | Found Myliopp's Distillery.
 15863 | Orc:2    | Found a gate leading to a gauntlet.
 15872 | Gauntlet | Entered a Gauntlet
 15872 | Gauntlet | Found a transporter.
 15872 | Gauntlet | Found a transporter.
 15872 | Gauntlet | Found a transporter.
 15892 | Gauntlet | Found a transporter.
 15906 | Gauntlet | Found a transporter.
 15906 | Gauntlet | Found a transporter.
 15908 | Gauntlet | Found a large runed translucent door.
 15909 | Gauntlet | Found a large runed translucent door.
 15910 | Gauntlet | Found a large runed translucent door.
 15910 | Gauntlet | Found a large runed translucent door.
 15910 | Gauntlet | Found a runed translucent door.
 15910 | Gauntlet | Found a runed translucent door.
 15911 | Gauntlet | Found a large runed translucent door.
 15912 | Gauntlet | Found a large runed translucent door.
 15913 | Gauntlet | Found a large runed translucent door.
 15913 | Gauntlet | Found a large runed translucent door.
 15914 | Gauntlet | Found a runed translucent gate.
 15914 | Gauntlet | Found a runed translucent gate.
 15914 | Gauntlet | Found a runed translucent gate.
 15916 | Gauntlet | Found a transporter.
 15925 | Gauntlet | Found a large runed translucent door.
 15925 | Gauntlet | Found a large runed translucent door.
 15926 | Gauntlet | Found a large runed translucent door.
 15927 | Gauntlet | Found a large runed translucent door.
 15937 | Gauntlet | Found a transporter.
 15954 | Gauntlet | Found a transporter.
 15958 | Gauntlet | Found a transporter.
 15968 | Gauntlet | Found a transporter.
 15972 | Gauntlet | Found a transporter.
 16022 | Gauntlet | Found a large runed translucent door.
 16023 | Gauntlet | Found a large runed translucent door.
 16024 | Gauntlet | Found a large runed translucent door.
 16024 | Gauntlet | Found a large runed translucent door.
 16077 | Gauntlet | Gained mutation: Your magical capacity is low. (-10% MP) [a
                  | shining eye]
 16117 | Gauntlet | Reached skill level 14 in Fighting
 16127 | Gauntlet | Got a transparent amber ring
 16141 | Gauntlet | Identified the ring "Ipsa" {Wiz Str+3 Int+4} (You found it
                  | in a Gauntlet)
 16167 | Gauntlet | Reached skill level 14 in Shields
 16218 | Gauntlet | Found the +5 robe of Misfortune {*Contam Harm *Corrode
                  | *Drain *Slow EV+5}
 16391 | Orc:2    | Found a staircase to the Elven Halls.
 16520 | Orc:2    | Reached skill level 10 in Invocations
 16533 | Orc:2    | Received a gift from Okawaru
 16890 | Orc:2    | Found Gamen's Antique Weapon Shop.
 16890 | Orc:2    | Found Ryerox's Book Boutique.
 16891 | Orc:2    | Found a one-way gate leading to the halls of Pandemonium.
 16899 | Orc:2    | Reached skill level 15 in Fighting
 17383 | D:11     | Reached skill level 15 in Shields
 17490 | Spider:1 | Entered Level 1 of the Spider Nest
 17639 | Spider:1 | Killed a ghost moth
 17678 | Spider:1 | Reached XP level 15. HP: 58/143 MP: 5/19
 17692 | Spider:1 | Reached skill level 16 in Fighting
 17784 | Spider:1 | You fall into a shaft and drop 1 floor!
 17785 | Spider:2 | Noticed Roxanne
 18377 | Spider:2 | Received a gift from Okawaru
 18519 | Spider:2 | Noticed Arachne
 18541 | Spider:2 | Reached skill level 17 in Fighting
 18546 | Spider:2 | Killed Arachne
 19142 | Spider:3 | Reached skill level 18 in Fighting
 19153 | Spider:3 | Received a gift from Okawaru
 19154 | Spider:3 | Got a pair of faintly glowing boots {god gift}
 19167 | Spider:3 | Identified the +2 pair of boots "Bylepte" {rN+} (Okawaru
                  | gifted it to you on level 3 of the Spider Nest)
 19715 | Spider:3 | Noticed Bai Suzhen
 19727 | Spider:3 | Killed Bai Suzhen
 19727 | Spider:3 | Reached skill level 19 in Fighting
 19905 | Spider:4 | Entered Level 4 of the Spider Nest
 20498 | Spider:4 | Received a gift from Okawaru
 20498 | Spider:4 | Reached XP level 16. HP: 107/162 MP: 20/20
 20669 | Spider:4 | Reached skill level 20 in Fighting
 21319 | Spider:4 | Reached skill level 1 in Evocations
 21565 | Spider:4 | Reached skill level 2 in Evocations
 21600 | Spider:4 | Reached skill level 21 in Fighting
 21654 | Spider:4 | Reached skill level 3 in Evocations
 21775 | Spider:4 | Got a gossamer rune of Zot
 22190 | Swamp:1  | Entered Level 1 of the Swamp
 22212 | Swamp:1  | Reached skill level 4 in Evocations
 22216 | Swamp:1  | Received a gift from Okawaru
 22853 | Swamp:1  | Reached skill level 5 in Evocations
 23135 | Swamp:2  | Noticed a thorn hunter
 23148 | Swamp:2  | Killed a thorn hunter
 23169 | Swamp:2  | Noticed a thorn hunter
 23460 | Swamp:2  | Reached skill level 6 in Evocations
 23518 | Swamp:2  | Killed a thorn hunter
 23521 | Swamp:2  | Received a gift from Okawaru
 23655 | Swamp:2  | Identified a +0 pair of boots of running (Okawaru gifted it
                  | to you on level 2 of the Swamp)
 23809 | Swamp:2  | Reached XP level 17. HP: 176/176 MP: 21/21
 24311 | Swamp:3  | Reached skill level 22 in Fighting
 24532 | Swamp:3  | Reached skill level 7 in Evocations
 25027 | Swamp:3  | Found the +8 demon blade "Leech" {vamp, *Rage +Rage rN+}
 25051 | Swamp:3  | Reached skill level 8 in Evocations
 25486 | Swamp:4  | Entered Level 4 of the Swamp
 25602 | Swamp:4  | Received a gift from Okawaru
 25646 | Swamp:4  | Reached skill level 9 in Evocations
 25672 | Swamp:4  | HP: 15/178 [14-headed hydra (10)]
 25970 | Swamp:4  | Got a fine hat {god gift}
 25981 | Swamp:4  | Identified the +2 hat of Untold Secrets {Int+2 Dex+4}
                  | (Okawaru gifted it to you on level 4 of the Swamp)
 26076 | Swamp:4  | Got a decaying rune of Zot
 26133 | Swamp:4  | Noticed a tentacled monstrosity
 26147 | Swamp:4  | Killed a tentacled monstrosity
 26278 | Swamp:4  | Reached skill level 23 in Fighting
 27149 | D:13     | Reached skill level 10 in Evocations
 27358 | D:13     | Noticed Josephine
 27365 | D:13     | Gained mutation: Scrolls take you a little longer to read.
                  | [a neqoxec]
 27372 | D:13     | Killed Josephine
 27380 | D:13     | Lost mutation: Scrolls take you a little longer to read.
                  | [potion of mutation]
 27380 | D:13     | Lost mutation: Your magical capacity is low. (-10% MP)
                  | [potion of mutation]
 27380 | D:13     | Gained mutation: Your spells are a little easier to cast,
                  | but a little less powerful. [potion of mutation]
 27380 | D:13     | Gained mutation: You are agile. (Dex +2) [potion of
                  | mutation]
 27517 | D:13     | Reached XP level 18. HP: 149/188 MP: 24/24
 27812 | D:14     | Noticed Snorg
 27818 | D:14     | Received a gift from Okawaru
 27823 | D:14     | Killed Snorg
 27853 | D:14     | Found a gate to the Vaults.
 28154 | D:14     | Found a sacrificial altar of Ru.
 28277 | D:14     | Noticed Frances
 28299 | D:14     | Killed Frances
 28615 | D:15     | Entered Level 15 of the Dungeon
 28672 | D:15     | Reached skill level 16 in Shields
 28808 | D:15     | Found a staircase to the Depths.
 28877 | D:15     | Noticed Jorgrun
 28896 | D:15     | Killed Jorgrun
 29165 | D:15     | Received a gift from Okawaru
 29757 | Vaults:1 | Entered Level 1 of the Vaults
 29813 | Vaults:1 | Reached skill level 17 in Shields
 30437 | Vaults:1 | Received a gift from Okawaru
 30444 | Vaults:1 | Reached skill level 24 in Fighting
 30660 | Vaults:1 | Reached skill level 18 in Shields
 31076 | Vaults:2 | Noticed Aizul
 31079 | Vaults:2 | Noticed an Ice Fiend
 31103 | Vaults:2 | Killed Aizul
 31155 | Vaults:2 | Reached XP level 19. HP: 194/198 MP: 25/25
 31215 | Vaults:2 | Found a ruined gateway.
 31228 | Desolati | Entered the Desolation of Salt
 31416 | Desolati | Found the +9 scales of the Dragon King {rPois rF+ rC+ MR+}
 31443 | Desolati | Identified Maofo's Reference Book on the Entourage
 31455 | Desolati | Identified Cedymy's Almanac of Feathers and Curses
 31537 | Desolati | Reached skill level 19 in Shields
 31640 | Desolati | Received a gift from Okawaru
 31709 | Desolati | Identified the ring of the Pariah {rC+ Str+2 SInv}
 31726 | Desolati | Identified the Handbook of Supportive Orientation
 31728 | Desolati | Identified the Volume of the Snowflakes and Augmentations
 31757 | Desolati | Identified the Almanac of the Glacier and Heat
 31797 | Desolati | Identified the Papyrus of the Hurtful Volcanoes
 31904 | Desolati | Found the +10 Black Knight's horse barding {ponderous,
                  | rPois rN+}
 32070 | Desolati | Identified the Reference Book on the Supportive Blaze
 32503 | Vaults:2 | Reached skill level 20 in Shields
 32506 | Vaults:2 | Reached skill level 8 in Armour
 32516 | Vaults:2 | Received a gift from Okawaru
 32538 | Vaults:2 | Found a staircase to the Crypt.
 32709 | Vaults:2 | Noticed Mara
 32719 | Vaults:2 | Noticed demivan's illusion
 32748 | Vaults:2 | Killed Mara
 32748 | Vaults:2 | Reached skill level 9 in Armour
 32870 | Vaults:2 | Noticed Frederick
 32885 | Vaults:2 | Killed Frederick
 33042 | Vaults:2 | Reached skill level 10 in Armour
 33082 | Vaults:2 | Reached skill level 25 in Fighting
 33696 | Vaults:3 | Reached XP level 20. HP: 211/211 MP: 26/26
 34026 | Vaults:3 | Received a gift from Okawaru
 34385 | Vaults:3 | Reached skill level 11 in Armour
 34485 | Vaults:3 | Found the +2 hood of the Assassin {Detection Stab+ Stlth++}
 34509 | Vaults:3 | Found a radiant altar of Vehumet.
 34517 | Vaults:3 | Reached skill level 26 in Fighting
 34521 | Vaults:3 | Identified the +2 hat of Submission {+Inv rCorr} (You found
                  | it on level 3 of the Vaults)
 34680 | Vaults:3 | Received a gift from Okawaru
 35120 | Vaults:4 | Reached skill level 12 in Armour
 35369 | Vaults:4 | Received a gift from Okawaru
 35554 | Vaults:4 | Reached skill level 13 in Armour
 35884 | Vaults:4 | Reached XP level 21. HP: 195/222 MP: 27/27
 35892 | Vaults:4 | Reached skill level 14 in Armour
 36342 | Elf:1    | Entered Level 1 of the Elven Halls
 36424 | Elf:1    | Received a gift from Okawaru
 36474 | Elf:1    | Reached skill level 15 in Armour
 36486 | Elf:1    | Got a pair of spiked gloves {god gift}
 36497 | Elf:1    | Identified the +0 pair of gloves "Jejuuc" {rElec rPois}
                  | (Okawaru gifted it to you on level 1 of the Elven Halls)
 36569 | Elf:1    | Noticed Kirke
 36590 | Elf:1    | Killed Kirke
 36615 | Elf:1    | Noticed Nikola
 36632 | Elf:1    | Killed Nikola
 36721 | Elf:1    | Found Hymoongutt's Food Shoppe.
 36791 | Elf:1    | You fall into a shaft and drop 1 floor!
 36791 | Elf:2    | Found a portal to a secret trove of treasure.
 36838 | Elf:2    | Reached skill level 27 in Fighting
 37054 | Elf:2    | Found a runed translucent gate.
 37066 | Elf:2    | Found a runed translucent gate.
 37076 | Elf:2    | Found a runed translucent gate.
 37114 | Elf:2    | Reached skill level 16 in Armour
 37648 | Elf:2    | Received a gift from Okawaru
 37868 | Elf:3    | Entered Level 3 of the Elven Halls
 37888 | Elf:3    | Reached skill level 17 in Armour
 37912 | Elf:3    | Noticed Asterion
 37917 | Elf:3    | Killed Asterion
 38100 | Elf:3    | Noticed Donald
 38111 | Elf:3    | Killed Donald
 38446 | Elf:3    | Reached XP level 22. HP: 63/233 MP: 26/28
 38457 | Elf:3    | Identified the +4 mace "Heaj" {vorpal, rC+}
 38680 | Elf:3    | Identified the ring "Sikesaud" {Ice rPois rN+ MP+9}
 38703 | Elf:3    | Received a gift from Okawaru
 38864 | Elf:3    | Reached skill level 18 in Armour
 38989 | Elf:3    | Reached skill level 21 in Shields
 39027 | Elf:3    | Identified the amulet of Ihom {RegenMP *Contam rPois Str+3
                  | Dex+8}
 39056 | Elf:3    | Identified the Catalogue of the Igneous Traveller
 39074 | Elf:3    | Found the amulet of the Air {Inacc +Fly rElec EV+5 RMsl}
 39096 | Elf:3    | Identified the cursed -1 cloak "Aqeterot" {rElec MP+9 Str+7
                  | Stlth-} (You found it on level 3 of the Elven Halls)
 39540 | Elf:1    | Identified Qoxuas's Reference Book on Calling
 40106 | Depths:1 | Entered Level 1 of the Depths
 40126 | Depths:1 | Reached skill level 19 in Armour
 40142 | Depths:1 | You fall into a shaft and drop 1 floor!
 40142 | Depths:2 | Found a gateway to a ziggurat.
 40285 | Depths:2 | Received a gift from Okawaru
 40358 | Depths:2 | You fall into a shaft and drop 1 floor!
 40596 | Depths:3 | Noticed a juggernaut
 40597 | Depths:3 | Reached skill level 20 in Armour
 40627 | Depths:3 | Killed a juggernaut
 40630 | Depths:3 | Reached skill level 22 in Shields
 40643 | Depths:3 | Received a gift from Okawaru
 40704 | Depths:3 | Identified the +5 broad axe of Qaxiba {elec, *Rage rN+
                  | Int+2 Dex+6} (You found it on level 3 of the Depths)
 40880 | Depths:2 | Found a gateway to Hell.
 41067 | Depths:2 | Reached XP level 23. HP: 240/240 MP: 29/29
 41194 | Depths:1 | Reached skill level 23 in Shields
 41219 | Depths:1 | Received a gift from Okawaru
 41222 | Depths:1 | Identified the +0 pair of gloves of Impermeability {+Inv}
                  | (Okawaru gifted it to you on level 1 of the Depths)
 41410 | Depths:1 | Found a one-way gate to the infinite horrors of the Abyss.
 41901 | Depths:1 | Reached skill level 24 in Shields
 41928 | Depths:1 | Found the +0 staff of Battle
 43442 | Depths:3 | Reached skill level 21 in Armour
 43601 | Depths:3 | Noticed the Enchantress
 43605 | Depths:3 | Received a gift from Okawaru
 43620 | Depths:3 | Killed the Enchantress
 43638 | Depths:3 | Identified the +1 broad axe of the Pill Bug {flame, rF-
                  | Str+3 Dex+4} (Okawaru gifted it to you on level 3 of the
                  | Depths)
 43726 | Depths:3 | Reached skill level 25 in Shields
 43726 | Depths:3 | Reached XP level 24. HP: 249/249 MP: 29/29
 43729 | Depths:3 | Paralysed by a floating eye for 2 turns
 44102 | Depths:3 | Reached skill level 22 in Armour
 44132 | Depths:3 | Received a gift from Okawaru
 44786 | Depths:4 | Found a runed translucent door.
 44843 | Depths:4 | Noticed a caustic shrike
 44844 | Depths:4 | Noticed Louise
 44860 | Depths:4 | Killed a caustic shrike
 44860 | Depths:4 | Reached skill level 11 in Evocations
 44880 | Depths:4 | Killed Louise
 44922 | Depths:4 | Identified the Reference Book on Excruciating Companions
 45149 | Depths:4 | Reached skill level 23 in Armour
 45271 | Depths:4 | Reached skill level 12 in Evocations
 45280 | Depths:4 | Noticed an ancient lich
 45303 | Depths:4 | Killed an ancient lich
 45303 | Depths:4 | Received a gift from Okawaru
 45335 | Depths:4 | Identified the +5 kite shield of Darkness {MR++ Int+3 Dex-2
                  | Slay+3} (Okawaru gifted it to you on level 4 of the Depths)
 45439 | Depths:4 | Identified the Disquisition on Dark Arts
 45490 | Depths:4 | Noticed a caustic shrike
 45509 | Depths:4 | Killed a caustic shrike
 45541 | Depths:4 | Identified the Catalogue of Spatial Feathers
 45666 | Depths:4 | Noticed a caustic shrike
 45666 | Depths:4 | Noticed a juggernaut
 45685 | Depths:4 | Killed a juggernaut
 45693 | Depths:4 | Killed a caustic shrike
 45701 | Depths:4 | Reached XP level 25. HP: 253/257 MP: 31/31
 45706 | Depths:4 | Noticed a caustic shrike
 45712 | Depths:4 | Noticed a caustic shrike
 45725 | Depths:4 | Killed a caustic shrike
 45734 | Depths:4 | Killed a caustic shrike
 45734 | Depths:4 | Reached skill level 24 in Armour
 45763 | Depths:4 | Identified the Grimoire of Attacks and Contamination
 45795 | Depths:4 | Reached skill level 13 in Evocations
 46023 | Depths:4 | Noticed a juggernaut
 46040 | Depths:4 | Killed a juggernaut
 46100 | Depths:5 | Entered Level 5 of the Depths
 46244 | Depths:5 | Noticed a juggernaut
 46249 | Depths:5 | Received a gift from Okawaru
 46260 | Depths:5 | Killed a juggernaut
 46410 | Depths:5 | Found a gate to the Realm of Zot.
 46510 | Depths:5 | Found a glowing golden altar of the Shining One.
 46511 | Depths:5 | Found an ancient bone altar of Kikubaaqudgha.
 46511 | Depths:5 | Found a basalt altar of Yredelemnul.
 46550 | Depths:5 | Noticed a caustic shrike
 46563 | Depths:5 | Killed a caustic shrike
 46591 | Depths:5 | Noticed a juggernaut
 46610 | Depths:5 | Reached skill level 25 in Armour
 46624 | Depths:5 | Killed a juggernaut
 46630 | Depths:5 | Reached skill level 14 in Evocations
 46775 | Depths:5 | Identified the amulet "Muogeh" {Inacc Int+4} (You found it
                  | on level 5 of the Depths)
 46776 | Depths:5 | Identified Puedecof's Incunabulum of the Dusty Escort
 46880 | Depths:5 | Reached skill level 15 in Evocations
 46993 | Depths:5 | Noticed a caustic shrike
 47002 | Depths:5 | Killed a caustic shrike
 47020 | Depths:5 | Noticed a caustic shrike
 47029 | Depths:5 | Killed a caustic shrike
 47056 | Depths:5 | Received a gift from Okawaru
 47149 | Depths:5 | Reached XP level 26. HP: 266/266 MP: 33/33
 47181 | Depths:5 | Reached skill level 16 in Evocations
 47628 | Vaults:5 | Entered Level 5 of the Vaults
 47639 | Vaults:5 | Got a silver rune of Zot
 47728 | Vaults:5 | Received a gift from Okawaru
 48083 | Vaults:5 | Identified the cursed +1 chain mail of Apnefrai {rC+ Dex+5
                  | Stlth+}
 48109 | Vaults:5 | Noticed an ancient lich
 48135 | Vaults:5 | Killed an ancient lich
 48135 | Vaults:5 | Reached skill level 17 in Evocations
 48232 | Vaults:5 | Identified the ring "Liul" {Ice Dex+4}
 48290 | Vaults:5 | Identified the Collected Works on Hexes
 48374 | Vaults:5 | Reached skill level 26 in Armour
 48434 | Vaults:5 | Received a gift from Okawaru
 48440 | Vaults:5 | Identified a +2 crystal plate armour (Okawaru gifted it to
                  | you on level 5 of the Vaults)
 48597 | Vaults:5 | Noticed Mennas
 48650 | Vaults:5 | Killed Mennas
 48650 | Vaults:5 | Reached skill level 18 in Evocations
 48876 | Vaults:5 | Reached skill level 19 in Evocations
 48949 | Vaults:5 | Identified the +5 cloak of Satisfaction {rF+} (You acquired
                  | it on level 5 of the Vaults)
 49003 | Vaults:5 | Identified Sif Muna's Tome of Earth
 49656 | Zot:1    | Entered Level 1 of the Realm of Zot
 49744 | Zot:1    | Found a runed translucent gate.
 49745 | Zot:1    | Found a runed translucent gate.
 49809 | Zot:1    | Reached XP level 27. HP: 273/273 MP: 35/35
 49920 | Zot:1    | Received a gift from Okawaru
 49978 | Zot:1    | Noticed an orb of fire
 49993 | Zot:1    | Gained mutation: You do not regenerate when monsters are
                  | visible. [an orb of fire]
 49995 | Zot:1    | Lost mutation: You are agile. (Dex +2) [an orb of fire]
 50007 | Zot:1    | Gained mutation: You are frail. (-10% HP) [an orb of fire]
 50009 | Zot:1    | Killed an orb of fire
 50009 | Zot:1    | Reached skill level 20 in Evocations
 50059 | Zot:1    | Lost mutation: You are frail. (-10% HP) [potion of
                  | mutation]
 50059 | Zot:1    | Lost mutation: You do not regenerate when monsters are
                  | visible. [potion of mutation]
 50059 | Zot:1    | Lost mutation: Your spells are a little easier to cast, but
                  | a little less powerful. [potion of mutation]
 50059 | Zot:1    | Gained mutation: Your body sometimes deteriorates upon
                  | taking damage. [potion of mutation]
 50059 | Zot:1    | Gained mutation: You have large cloven feet. [potion of
                  | mutation]
 50212 | Zot:1    | Noticed a curse toe
 50224 | Zot:1    | Noticed an orb of fire
 50226 | Zot:1    | Received a gift from Okawaru
 50239 | Zot:1    | Killed an orb of fire
 50252 | Zot:1    | Killed a curse toe
 50277 | Zot:1    | Found a runed translucent gate.
 50277 | Zot:1    | Noticed an electric golem
 50278 | Zot:1    | Noticed Lowtech's ghost (veteran DsWr)
 50278 | Zot:1    | Noticed an electric golem
 50279 | Zot:1    | Identified the amulet "Duvan" {Spirit rElec MR- Str+4 SInv}
 50279 | Zot:1    | Noticed an electric golem
 50722 | Zot:1    | Killed an electric golem
 50801 | Zot:1    | Killed an electric golem
 50801 | Zot:1    | Received a gift from Okawaru
 50830 | Zot:1    | Reached skill level 21 in Evocations
 50862 | Zot:1    | Killed an electric golem
 51098 | Zot:1    | Killed Lowtech's ghost
 51682 | Zot:2    | Noticed a curse toe
 51693 | Zot:2    | Killed a curse toe
 52245 | Zot:3    | Noticed an electric golem
 52263 | Zot:3    | Received a gift from Okawaru
 52276 | Zot:3    | Killed an electric golem
 52365 | Zot:3    | Reached skill level 22 in Evocations
 52368 | Zot:3    | You are cast into the Abyss!
 52368 | Zot:3    | Cast into level 5 of the Abyss (the power of Zot)
 52368 | Abyss:5  | Entered Level 5 of the Abyss
 52554 | Abyss:5  | Gained mutation: You are frail. (-10% HP) [a neqoxec]
 52614 | Zot:3    | You pass through the gate.
 52614 | Zot:3    | Escaped the Abyss
 52671 | Zot:3    | Lost mutation: You are frail. (-10% HP) [potion of
                  | mutation]
 52671 | Zot:3    | Lost mutation: Your body sometimes deteriorates upon taking
                  | damage. [potion of mutation]
 52671 | Zot:3    | Gained mutation: You have very sharp teeth. [potion of
                  | mutation]
 52671 | Zot:3    | Gained mutation: You are occasionally teleported next to
                  | monsters. [potion of mutation]
 52671 | Zot:3    | Gained mutation: You have sharp fingernails. [potion of
                  | mutation]
 52671 | Zot:3    | Gained mutation: You expend magic power (3 MP) to
                  | strengthen your wands. [potion of mutation]
 52737 | Zot:3    | Received a gift from Okawaru
 53209 | Zot:4    | Reached skill level 23 in Evocations
 53396 | Zot:4    | Identified the ring "Odweodu" {rC+ rN+ rCorr} (You found it
                  | on level 4 of the Realm of Zot)
 53710 | Zot:5    | Entered Level 5 of the Realm of Zot
 53964 | Zot:5    | Noticed an ancient lich
 53976 | Zot:5    | Noticed an orb of fire
 53976 | Zot:5    | Noticed an electric golem
 53976 | Zot:5    | Noticed an orb of fire
 53976 | Zot:5    | Noticed an orb of fire
 53977 | Zot:5    | Noticed an orb of fire
 53978 | Zot:5    | Gained mutation: You are clumsy. (Dex -2) [an orb of fire]
 53978 | Zot:5    | Gained mutation: Armour fits poorly on your strangely
                  | shaped body. [an orb of fire]
 53987 | Zot:5    | Lost mutation: You expend magic power (3 MP) to strengthen
                  | your wands. [potion of mutation]
 53987 | Zot:5    | Lost mutation: Armour fits poorly on your strangely shaped
                  | body. [potion of mutation]
 53987 | Zot:5    | Lost mutation: You have large cloven feet. [potion of
                  | mutation]
 53987 | Zot:5    | Gained mutation: You expend magic power (3 MP) to
                  | strengthen your wands. [potion of mutation]
 53987 | Zot:5    | Gained mutation: Your muscles are strong. (Str +2) [potion
                  | of mutation]
 53993 | Zot:5    | Gained mutation: Scrolls take you a little longer to read.
                  | [an orb of fire]
 54010 | Zot:5    | Killed an ancient lich
 54018 | Zot:5    | Lost mutation: Scrolls take you a little longer to read.
                  | [potion of mutation]
 54018 | Zot:5    | Lost mutation: You are occasionally teleported next to
                  | monsters. [potion of mutation]
 54018 | Zot:5    | Gained mutation: You have large cloven feet. [potion of
                  | mutation]
 54018 | Zot:5    | Gained mutation: You are somewhat resistant to further
                  | mutation. [potion of mutation]
 54116 | Zot:5    | Gained mutation: Your spells are a little harder to cast,
                  | but a little more powerful. [an orb of fire]
 54138 | Zot:5    | Gained mutation: You occasionally shout uncontrollably at
                  | your foes. [an orb of fire]
 54140 | Zot:5    | Killed an orb of fire
 54140 | Zot:5    | Reached skill level 24 in Evocations
 54145 | Zot:5    | Killed an orb of fire
 54150 | Zot:5    | Received a gift from Okawaru
 54151 | Zot:5    | HP: 14/273 [orb of fire/bolt of fire (25)]
 54162 | Zot:5    | Noticed an ancient lich
 54176 | Zot:5    | Noticed an ancient lich
 54176 | Zot:5    | Noticed an electric golem
 54180 | Zot:5    | Noticed an orb of fire
 54183 | Zot:5    | Noticed an orb of fire
 54185 | Zot:5    | Noticed an orb of fire
 54189 | Zot:5    | Noticed an ancient lich
 54189 | Zot:5    | Noticed an orb of fire
 54854 | Zot:5    | Killed an ancient lich
 54952 | Zot:5    | Killed an electric golem
 54966 | Zot:5    | Killed an electric golem
 55070 | Zot:5    | Killed an ancient lich
 55070 | Zot:5    | Reached skill level 25 in Evocations
 55084 | Zot:5    | Killed an orb of fire
 55193 | Zot:5    | Gained mutation: You tend to lose your temper in combat.
                  | [an orb of fire]
 55203 | Zot:5    | Killed an orb of fire
 55203 | Zot:5    | Received a gift from Okawaru
 55210 | Zot:5    | Killed an orb of fire
 55224 | Zot:5    | Identified the +12 crystal plate armour "Imush" {rC+ rCorr}
                  | (Okawaru gifted it to you on level 5 of the Realm of Zot)
 55241 | Zot:5    | Got the Orb of Zot
 55274 | Zot:4    | Noticed Geyt the pandemonium lord
 55497 | Depths:5 | Reached skill level 26 in Evocations
 55756 | D:11     | Identified +0 pearl dragon scales
 55756 | D:11     | Noticed a seraph
 55775 | D:11     | Killed a seraph
 55779 | D:11     | Noticed Gonoel the pandemonium lord
 55787 | D:11     | You are cast into the Abyss!
 55787 | D:11     | Cast into level 4 of the Abyss (Gonoel)
 55808 | Abyss:4  | Found a transporter.
 55931 | Abyss:4  | Lost mutation: You are clumsy. (Dex -2) [potion of
                  | mutation]
 55931 | Abyss:4  | Lost mutation: You tend to lose your temper in combat.
                  | [potion of mutation]
 55931 | Abyss:4  | Lost mutation: You are somewhat resistant to further
                  | mutation. [potion of mutation]
 55931 | Abyss:4  | Lost mutation: You have sharp fingernails. [potion of
                  | mutation]
 55931 | Abyss:4  | Gained mutation: Your system is resistant to poisons.
                  | (rPois) [potion of mutation]
 55931 | Abyss:4  | Gained mutation: You have an increased reservoir of magic.
                  | (+10% MP) [potion of mutation]
 55931 | Abyss:4  | Gained mutation: You are frail. (-10% HP) [potion of
                  | mutation]
 55931 | Abyss:4  | Gained mutation: Your muscles are very strong. (Str +4)
                  | [potion of mutation]
 56170 | D:11     | You pass through the gate.
 56170 | D:11     | Escaped the Abyss
 56528 | D:$      | Escaped with the Orb!

Vanquished Creatures
  A seraph (D:11)
  Mennas (Vaults:5)
  Mara (Vaults:2)
  7 orbs of fire
  5 ancient liches
  5 juggernauts
  Bai Suzhen (Spider:3)
  2 Killer Klowns
  Frederick (Vaults:2)
  8 caustic shrikes
  The ghost of Lowtech the Warrior, a veteran DsWr of Cheibriados (Zot:1)
  2 curse toes
  10 golden dragons
  Nikola (Elf:1)
  Arachne (Spider:2)
  the Enchantress (Depths:3)
  A Tzitzimitl (Depths:5)
  2 bone dragons (Abyss:4)
  6 electric golems
  Jorgrun (D:15)
  29 Orb Guardians
  5 liches
  30 tentacled monstrosities
  2 deep elf blademasters (Elf:3)
  A Hell Sentinel (Depths:5)
  6 titans
  A deep elf master archer (Elf:3)
  Frances (D:14)
  7 quicksilver dragons
  8 sphinxes
  3 tentacled starspawn
  Kirke (Elf:1)
  9 death cobs
  15 shadow dragons
  5 thorn hunters
  Gastronok (D:8)
  12 storm dragons
  2 Executioners
  5 draconian monks
  Donald (Elf:3)
  12 fire giants
  12 tengu reavers
  4 nagarajas (Depths:1)
  10 deep elf sorcerers
  Louise (Depths:4)
  14 frost giants
  An orc warlord (Orc:1)
  7 draconian knights
  5 iron dragons
  A balrug (Depths:2)
  17 vault wardens
  5 ghost moths
  3 draconian scorchers
  3 draconian stormcallers
  A ghoul (Vaults:3)
  Aizul (Vaults:2)
  4 deep elf elementalists
  6 draconian shifters
  2 draconian annihilators
  A reaper (D:4)
  4 war gargoyles (Vaults:5)
  5 emperor scorpions
  11 ironheart preservers
  9 spriggan defenders
  30 very ugly things
  3 black draconians
  29 stone giants
  10 green draconians
  8 vampire knights
  10 deep elf demonologists
  A lorocyproca (Depths:3)
  7 deep elf annihilators
  7 entropy weavers
  9 yellow draconians
  A dire elephant (Lair:6)
  11 white draconians
  13 spark wasps
  A dire elephant (shapeshifter) (Depths:3)
  9 purple draconians
  A halazid warlock (Desolation)
  A minotaur (Gauntlet)
  9 red draconians
  An eidolon (Vaults:2)
  2 blizzard demons (Abyss:4)
  Snorg (D:14)
  11 ettins
  A green death (Depths:5)
  10 ragged hierophants
  3 crystal guardians
  Josephine (D:13)
  10 fire dragons
  Harold (D:7)
  5 deep elf death magi
  A merfolk impaler (Depths:1)
  12 great orbs of eyes
  31 yaktaur captains
  3 jiangshi
  6 peacekeepers (Desolation)
  4 deep elf high priests
  Erolcha (D:9)
  7 ice dragons
  A catoblepas (Lair:6)
  22 hydras
  8 spriggan air magi
  3 ghost crabs
  5 rakshasas
  10 servants of whispers (Desolation)
  33 vault guards
  10 alligators
  5 centaur warriors
  3 shambling mangroves
  6 anacondas (Depths:1)
  39 two-headed ogres
  3 death knights
  14 ogre magi
  31 dancing weapons
  2 vampire magi
  13 deep troll shamans
  9 deep troll earth magi
  9 tengu warriors
  5 death yaks (Lair:6)
  12 spriggan berserkers
  Urug (D:11)
  10 thrashing horrors (Abyss:4)
  7 orc high priests (Orc:2)
  4 sun demons
  24 deep elf knights
  A shock serpent (shapeshifter) (Elf:3)
  3 soul eaters (Depths:4)
  A shadow wraith (Vaults:3)
  6 wretched stars
  7 hell knights
  13 skeletal warriors
  2 spatial maelstroms (Abyss:4)
  6 iron trolls
  6 unseen horrors
  12 deep trolls
  6 glowing orange brains
  11 large abominations
  A cherub (D:11)
  A gelid demonspawn (Orc:2)
  2 infernal demonspawn
  A quicksilver dragon simulacrum (Abyss:5)
  An unseen horror (shapeshifter) (Vaults:2)
  21 deep elf archers
  7 flayed ghosts
  15 swamp dragons
  16 ironbrand convokers
  A shadow demon (Depths:5)
  An obsidian statue (Gauntlet)
  39 ugly things
  6 phantasmal warriors
  90 deep elf magi
  22 orb spiders
  13 wizards
  An iron dragon zombie (Depths:4)
  20 orc knights
  2 lindwurms (Depths:1)
  A wolf spider zombie (D:15)
  25 wolf spiders
  5 necromancers
  A shining eye (Gauntlet)
  A human zombie (Vaults:4)
  A mana viper (Abyss:4)
  7 orc sorcerers
  3 manticores
  2 salamanders (shapeshifter)
  5 cyclopes
  5 worldbinders (Abyss:4)
  11 vault sentinels
  Maurice (D:12)
  24 moths of wrath
  3 black mambas
  10 elephants (Lair:6)
  2 torpor snails (shapeshifter)
  10 guardian serpents
  2 eyes of devastation (shapeshifter)
  3 naga magi
  2 torpor snails
  A titan simulacrum (Vaults:4)
  2 rust devils
  2 smoke demons
  An apocalypse crab (Abyss:5)
  12 spiny frogs
  2 spiny frogs (shapeshifter)
  2 molten gargoyles (Desolation)
  A yaktaur zombie (Vaults:4)
  A water nymph (shapeshifter) (Depths:5)
  4 komodo dragons
  A komodo dragon (shapeshifter) (Elf:2)
  5 centaur skeletons
  2 yaktaurs (shapeshifter)
  3 rime drakes (Swamp:4)
  84 yaktaurs
  6 freezing wraiths
  A kobold demonologist (D:13)
  4 hellwings
  9 tengu conjurers
  24 demonic crawlers
  2 ancient zymes
  5 starcursed masses (Abyss:5)
  2 ice devils
  2 red devils
  6 trolls
  A troll (shapeshifter) (Depths:2)
  A meliai (shapeshifter) (Vaults:2)
  23 jumping spiders
  39 slime creatures
  2 polar bears
  A wind drake (shapeshifter) (Vaults:5)
  25 hornets
  9 tyrant leeches
  7 bog bodies
  57 saltlings
  6 dream sheep (Lair:6)
  Grinder (D:6)
  7 raiju (Abyss:4)
  33 blink frogs
  10 hippogriffs
  6 air elementals
  A spriggan (shapeshifter) (Depths:1)
  6 flying skulls (Abyss:4)
  27 tarantellas
  70 redbacks
  5 shadows
  13 wraiths
  8 spriggans
  A wyvern (D:12)
  7 water elementals
  41 yaks
  3 ynoxinuls
  8 fire elementals
  4 hogs (Elf:1)
  A human (shapeshifter) (Vaults:2)
  3 basilisks
  2 golden eyes (Gauntlet)
  3 neqoxecs
  17 vampire mosquitoes
  A basilisk (shapeshifter) (Vaults:1)
  2 hogs (shapeshifter)
  9 small abominations
  3 spatial vortices (Abyss:4)
  2 human simulacra
  11 humans (D:14)
  9 nagas (Depths:1)
  Menkaure (Ossuary)
  7 chaos spawn
  7 hungry ghosts
  19 insubstantial wisps
  3 wargs (Vaults:1)
  5 acid dragons
  22 swamp worms
  An acid dragon (shapeshifter) (Depths:3)
  A floating eye (Depths:3)
  18 water moccasins
  22 swamp drakes
  3 black bears
  6 sky beasts
  15 porcupines
  6 ice beasts
  A sky beast (shapeshifter) (Depths:2)
  A black bear (shapeshifter) (Vaults:1)
  53 orc warriors
  2 phantoms
  11 boggarts
  14 wolves
  11 centaurs
  An elf zombie (Vaults:4)
  40 ogres
  A big kobold (D:9)
  12 crocodiles
  21 bullfrogs
  A wyvern zombie (D:6)
  A gnoll sergeant (D:9)
  5 earth elementals
  A glowing shapeshifter simulacrum (Vaults:3)
  5 scorpions
  A water moccasin skeleton (D:8)
  6 killer bees (D:10)
  12 wights
  5 howler monkeys
  2 electric eels
  9 crimson imps
  3 centaur zombies
  A quasit (Abyss:4)
  31 orc priests
  11 hounds
  7 jellies
  3 bullfrog skeletons
  Crazy Yiuf (D:2)
  A gnoll shaman (Orc:1)
  Jessica (D:2)
  5 iguanas
  Natasha (thrice) (D:2)
  33 orc wizards
  14 worker ants
  A killer bee zombie (D:8)
  3 mummies (Ossuary)
  A hound skeleton (D:10)
  3 worker ant zombies (D:5)
  Robin (D:2)
  18 gnolls
  21 adders
  2 shadow imps
  A white imp (Abyss:4)
  2 oozes
  2 adder skeletons
  2 worms
  5 leopard geckos
  122 orcs
  17 giant cockroaches
  7 gnoll zombies (Ossuary)
  11 hobgoblins
  3 jackals
  8 quokkas
  6 ball pythons
  11 bats
  9 frilled lizards
  8 gnoll skeletons (Ossuary)
  14 goblins
  2 goblin skeletons (Ossuary)
  4 goblin zombies (Ossuary)
  3 hobgoblin skeletons (Ossuary)
  2 hobgoblin zombies (Ossuary)
  A jackal skeleton (D:4)
  A jackal zombie (D:7)
  3 kobolds
  4 kobold skeletons (Ossuary)
  6 kobold zombies (Ossuary)
  5 orc skeletons (Ossuary)
  2 orc zombies (Ossuary)
  14 rats
  2 rat skeletons (Ossuary)
  3 rat zombies (Ossuary)
  10 briar patches (Swamp:2)
  4 crawling corpses
  A demonic plant (Gauntlet)
  10 fungi
  5 plants
2854 creatures vanquished.

Vanquished Creatures (others)
  Asterion (Elf:3)
  A deep elf master archer (Elf:3)
  A fire giant (Depths:3)
  A frost giant (Depths:5)
  A deep elf sorcerer (Elf:3)
  2 deep elf demonologists (Elf:3)
  2 deep elf annihilators (Elf:3)
  A deep elf high priest (Elf:3)
  3 deep elf death magi (Elf:3)
  2 deep elf knights
  2 deep elf magi
  A wolf spider (Spider:4)
  A demonic crawler (Spider:1)
  A jumping spider (Spider:4)
  A jumping spider (shapeshifter) (Vaults:5)
  A saltling (Desolation)
  3 humans (Elf:1)
  A neqoxec (Abyss:5)
  A swamp worm (Swamp:1)
  A naga (Depths:1)
  A floating eye (shapeshifter) (Elf:1)
  2 ogres (Vaults:2)
  A boggart (Vaults:2)
  A kobold skeleton (Ossuary)
  A kobold zombie (Ossuary)
  A briar patch (Swamp:2)
  2 crawling corpses (Elf:3)
  21 demonic plants (Gauntlet)
  6 fungi
  3 plants
  6 starspawn tentacles
73 creatures vanquished.

Grand Total: 2927 creatures vanquished

Table legend:
 A = Turns spent in this place as a percentage of turns spent in the entire game.
 B = Non-inter-level travel turns spent in this place as a percentage of non-inter-level travel turns spent in the entire game.
 C = Inter-level travel turns spent in this place as a percentage of turns spent in this place.
 D = Turns resting spent in this place as a percentage of non-inter-level travel turns spent in this place.
 E = Turns spent auto-exploring this place as a percentage of non-inter-level travel turns spent in this place.
 F = Non-inter-level travel turns spent in this place divided by the number of levels of this place that you've seen.
                   A       B       C       D       E      F
               +-------+-------+-------+-------+-------+----------------------
         Total | 100.0 | 100.0 |   8.6 |  10.1 |  56.2 | 906.0
       Dungeon |  22.7 |  20.8 |  16.2 |   8.0 |  66.3 | 715.3
        Temple |   0.3 |   0.3 |  18.1 |   0.0 |  84.4 | 154.0
          Lair |   9.9 |   9.9 |   8.0 |   6.4 |  69.3 | 855.3
         Swamp |   7.8 |   8.2 |   4.7 |  22.8 |  50.7 | 1053.0
   Spider Nest |   8.3 |   8.4 |   7.0 |  30.1 |  43.0 | 1085.0
  Orcish Mines |   3.4 |   3.2 |  14.7 |   8.6 |  63.2 | 824.0
   Elven Halls |   6.4 |   6.7 |   4.5 |   6.7 |  53.7 | 1146.0
        Vaults |  12.7 |  12.9 |   6.7 |   4.7 |  56.9 | 1336.4
        Depths |  13.8 |  13.9 |   8.3 |   1.7 |  51.2 | 1435.0
           Zot |   9.6 |  10.1 |   4.0 |  13.4 |  49.2 | 1045.2
         Abyss |   1.1 |   1.2 |   0.0 |   0.0 |  30.1 | 214.7
         Sewer |   0.8 |   0.9 |   0.0 |   0.0 |  72.1 | 456.0
       Ossuary |   0.6 |   0.6 |   0.0 |   0.0 |  43.8 | 324.0
    Desolation |   2.0 |   2.2 |   0.0 |  20.9 |  37.4 | 1115.0
      Gauntlet |   0.6 |   0.7 |   0.0 |   1.6 |  55.7 | 366.0
               +-------+-------+-------+-------+-------+----------------------

Table legend:
 A = Non-vault XP
 B = Vault XP
 C = Vault XP percentage of total XP
 D = Non-vault monster count
 E = Vault monster count
 F = Vault count percentage of total count
                 A         B        C        D         E       F
            +---------+---------+-------+---------+---------+-------
      Total |  862817 | 1104799 |  56.1 |    1691 |    1121 |  39.9
            +---------+---------+-------+---------+---------+-------
        D:1 |      37 |      15 |  28.8 |      15 |      10 |  40.0
        D:2 |     271 |     145 |  34.9 |      25 |      13 |  34.2
        D:3 |      59 |       0 |   0.0 |      16 |       0 |   0.0
        D:4 |     408 |      19 |   4.4 |      19 |       4 |  17.4
        D:5 |     655 |     542 |  45.3 |      22 |      13 |  37.1
        D:6 |    1492 |     258 |  14.7 |      31 |       1 |   3.1
        D:7 |    1731 |    1050 |  37.8 |      38 |       1 |   2.6
        D:8 |    1509 |    3397 |  69.2 |      20 |      12 |  37.5
        D:9 |     475 |    1080 |  69.5 |      11 |       2 |  15.4
       D:10 |    1691 |       0 |   0.0 |      24 |       0 |   0.0
       D:11 |    1617 |     835 |  34.1 |      19 |       1 |   5.0
       D:12 |    3419 |    1174 |  25.6 |      26 |      17 |  39.5
       D:13 |   13766 |    2102 |  13.2 |      46 |       6 |  11.5
       D:14 |    7101 |    6576 |  48.1 |      20 |      14 |  41.2
       D:15 |   19646 |    7335 |  27.2 |      53 |       9 |  14.5
     Temple |     250 |       0 |   0.0 |       1 |       0 |   0.0
     Lair:1 |    4303 |       0 |   0.0 |      18 |       0 |   0.0
     Lair:2 |    3941 |    1228 |  23.8 |      18 |      13 |  41.9
     Lair:3 |    5170 |       0 |   0.0 |      24 |       0 |   0.0
     Lair:4 |    4550 |    1604 |  26.1 |      17 |       6 |  26.1
     Lair:5 |    2958 |     195 |   6.2 |      12 |       2 |  14.3
     Lair:6 |    8980 |   12534 |  58.3 |      31 |      30 |  49.2
    Swamp:1 |   10891 |       0 |   0.0 |      36 |       0 |   0.0
    Swamp:2 |   19423 |       0 |   0.0 |      45 |       0 |   0.0
    Swamp:3 |   20154 |    6277 |  23.7 |      47 |       8 |  14.5
    Swamp:4 |    9947 |   18494 |  65.0 |      19 |      28 |  59.6
   Spider:1 |   16482 |       0 |   0.0 |      46 |       0 |   0.0
   Spider:2 |    9573 |    3818 |  28.5 |      22 |       1 |   4.3
   Spider:3 |   18974 |    5506 |  22.5 |      55 |       1 |   1.8
   Spider:4 |   17755 |   22337 |  55.7 |      45 |      43 |  48.9
      Orc:1 |    3885 |    1027 |  20.9 |      39 |      10 |  20.4
      Orc:2 |    2294 |   16108 |  87.5 |      37 |      66 |  64.1
      Elf:1 |   32218 |   16068 |  33.3 |      54 |      20 |  27.0
      Elf:2 |   26545 |   22239 |  45.6 |      44 |      28 |  38.9
      Elf:3 |   20370 |   38055 |  65.1 |      37 |      30 |  44.8
   Vaults:1 |   28896 |    7415 |  20.4 |      61 |      19 |  23.8
   Vaults:2 |   26146 |   32344 |  55.3 |      51 |      32 |  38.6
   Vaults:3 |   31110 |   24550 |  44.1 |      46 |      28 |  37.8
   Vaults:4 |   39761 |   28243 |  41.5 |      57 |      29 |  33.7
   Vaults:5 |   36214 |  125115 |  77.6 |      54 |      85 |  61.2
   Depths:1 |   39700 |   31412 |  44.2 |      54 |      62 |  53.4
   Depths:2 |   39089 |   43797 |  52.8 |      49 |      40 |  44.9
   Depths:3 |   48429 |   64453 |  57.1 |      62 |      42 |  40.4
   Depths:4 |   31195 |  126032 |  80.2 |      33 |      58 |  63.7
   Depths:5 |     308 |  151808 |  99.8 |       1 |     100 |  99.0
      Zot:1 |   56864 |   68052 |  54.5 |      30 |      29 |  49.2
      Zot:2 |   23323 |    3903 |  14.3 |      14 |       4 |  22.2
      Zot:3 |   41701 |   11343 |  21.4 |      20 |       7 |  25.9
      Zot:4 |   36989 |       0 |   0.0 |      26 |       0 |   0.0
      Zot:5 |   41786 |  146535 |  77.8 |      24 |      36 |  60.0
    Abyss:4 |   34949 |       0 |   0.0 |      55 |       0 |   0.0
    Abyss:5 |   13817 |       0 |   0.0 |      22 |       0 |   0.0
      Sewer |       0 |     230 | 100.0 |       0 |      18 | 100.0
    Ossuary |       0 |     275 | 100.0 |       0 |      46 | 100.0
 Desolation |       0 |   45916 | 100.0 |       0 |      89 | 100.0
   Gauntlet |       0 |    3358 | 100.0 |       0 |       8 | 100.0
            +---------+---------+-------+---------+---------+-------
